 Dungeon Crawl Stone Soup version 0.26.1-2-gb8aa6d0cf2 (webtiles) character file.

Game seed: 13075788794713410148

485 Gabide the Cudgeller (level 7, -12/53 HPs)
             Began as a Human Monk on Mar 12, 2021.
             Mangled by an orc warrior
             ... wielding a +0 dire flail
              (24 damage)
             ... on level 4 of the Dungeon.
             The game lasted 00:18:59 (5157 turns).

Gabide the Cudgeller (Human Monk)                   Turns: 5157, Time: 00:18:59

Health: -12/53     AC:  5    Str: 13    XL:     7   Next: 35%
Magic:  7/7        EV: 12    Int: 11    God:
Gold:   122        SH:  0    Dex: 15    Spells: 6/6 levels left

rFire    . . .     SeeInvis .   a - +0 mace
rCold    . . .     Faith    .   (no shield)
rNeg     . . .     Spirit   .   o - +0 ring mail
rPois    .         Reflect  .   (no helmet)
rElec    .         Harm     .   (no cloak)
rCorr    .         Rampage  .   (no gloves)
Will     .....                  (no boots)
Stlth    +.........             (no amulet)
HPRegen  0.17/turn              (no ring)
MPRegen  0.10/turn              (no ring)

@: no status effects
A: no striking features
a: no special abilities


You were on level 4 of the Dungeon.
You visited 1 branch of the dungeon, and saw 4 of its levels.

You collected 122 gold pieces.

Inventory:

Hand Weapons
 a - a +0 mace (weapon)
 i - a +2 dagger of freezing
Missiles
 j - 3 poisoned darts (quivered)
Armour
 f - a +0 chain mail
 o - a +0 ring mail (worn)
Wands
 l - a wand of flame (11)
Scrolls
 d - a scroll of teleportation
 k - a scroll of remove curse
 q - a scroll of magic mapping
Potions
 b - 2 potions of haste {unknown}
 c - 2 potions of mutation {unknown}
 e - a potion of might {unknown}
 g - 2 potions of heal wounds {unknown}
 m - a potion of invisibility {unknown}
 n - a potion of flight {unknown}


   Skills:
 + Level 3.9 Fighting
 * Level 6.1 Maces & Flails
 + Level 2.8 Armour
 + Level 3.8 Dodging
 - Level 2.2 Stealth
 - Level 0.2 Evocations


You had 6 spell levels left.
You didn't know any spells.
Your spell library contained the following spells:

 Spells                   Type           Power        Failure   Level
 Magic Dart               Conj           0%           58%         1
 Blink                    Tloc           N/A          73%         2
 Call Imp                 Summ           0%           73%         2
 Slow                     Hex            0%           73%         2
 Conjure Flame            Conj/Fire      0%           91%         3
 Mephitic Cloud           Conj/Pois/Air  0%           91%         3


Dungeon Overview and Level Annotations

Branches:
Dungeon (4/15)
 Temple: D:4-7

Altars:


Message History

You see here 3 poisoned darts.
j - 3 poisoned darts Throw: 3 darts (poison)
Press: ? - help, Q - select action, (/) - cycle Shift-Dir - straight line, f - orc warrior
Aim: an orc warrior, wielding a +0 dire flail and wearing a +0 chain mail (heavily wounded, 55% to hit)
You throw a poisoned dart.
The poisoned dart closely misses the orc warrior.
The poisoned dart hits the orc.
The orc is poisoned.
The orc throws a boomerang.
The boomerang hits you.
* * * LOW HITPOINT WARNING * * *
The weapon returns to the orc!
You see here a poisoned dart.
j - 3 poisoned darts (gained 1) Really walk into that dispersal trap?
You enter a dispersal trap!
The orc warrior blinks!
The orc blinks! x2
You blink.
The orc throws a boomerang.
The boomerang hits you.
* * * LOW HITPOINT WARNING * * *
The weapon returns to the orc!
The orc warrior hits you with a +0 dire flail!!
You die...

#...o#.##.#
#.#....##.#
#..o#####.#
#+# ##.## #.#
#.#
#o######.#
######.###
#o.......#
#...§....#
#.########
#.###.oo.#
#.#
#....@#####.#
#.(...§o).(.#
#o#.#.#######
#.###.# ..
#.# ... ..#
#### ###


You could see an orc warrior and 3 orcs.

Vanquished Creatures
  3 ogres
  An orc wizard (D:3)
  An iguana (D:4)
  3 gnolls (D:3)
  4 adders
  An ooze (D:1)
  2 worms (D:2)
  2 dart slugs (D:1)
  3 leopard geckos (D:2)
  4 orcs
  10 bats
  A giant cockroach (D:3)
  19 goblins
  13 hobgoblins
  10 jackals
  7 kobolds
  2 quokkas (D:3)
  5 ball pythons
  2 frilled lizards
  5 rats
98 creatures vanquished.

Notes
Turn   | Place    | Note
-------+----------+-------------------------------------------
     0 | D:1      | Gabide the Human Monk began the quest for the Orb.
     0 | D:1      | Reached XP level 1. HP: 18/18 MP: 1/1
    69 | D:1      | Reached XP level 2. HP: 21/24 MP: 2/2
   370 | D:1      | Reached XP level 3. HP: 29/29 MP: 3/3
  1021 | D:2      | Noticed an ogre
  1341 | D:2      | Reached skill level 4 in Maces & Flails
  1853 | D:2      | Reached XP level 4. HP: 16/35 MP: 4/4
  2175 | D:2      | Killed an ogre
  2176 | D:2      | Reached skill level 1 in Armour
  2176 | D:2      | Reached XP level 5. HP: 20/41 MP: 5/5
  2697 | D:2      | Reached skill level 5 in Maces & Flails
  3472 | D:2      | Reached XP level 6. HP: 43/47 MP: 6/6
  3814 | D:3      | Noticed an ogre
  3840 | D:3      | Killed an ogre
  4320 | D:3      | Reached XP level 7. HP: 19/53 MP: 7/7
  4756 | D:4      | Reached skill level 6 in Maces & Flails
  5157 | D:4      | Mangled by an orc warrior

Illustrated notes

Levels and vault maps discovered:
D:1:      wander_arrival_desolate, layout_rooms
D:2:      cheibrodos_greedy_goblins, layout_basic
D:3:      layout_rooms, minmay_misc_feat_nine_boxes
D:4:      layout_loops_corners

Skill      XL: |  1  2  3  4  5  6  7 |
---------------+----------------------+-----
Maces & Flails | 4 5 6 |  6.1
Armour         | 1 2 |  2.8
Fighting       | |  3.9
Dodging        | |  3.8
Stealth        | |  2.2
Evocations     | |  0.2

Action                   |  1- 3 |  4- 6 |  7- 9 || total
-------------------------+-------+-------+-------++-------
Melee: Mace              |   127 |   188 |    38 ||   353
Throw: Dart              |    13 |    36 |    21 ||    70
       Throwing net      |     2 |     1 |       ||     3
Evoke: Wand              |       |     4 |     6 ||    10
  Use: Scroll            |     3 |     6 |     2 ||    11
 Stab: Held in net/web   |       |     1 |       ||     1
       Sleeping          |       |     1 |       ||     1
Armor: Robe              |    16 |       |       ||    16
       Ring mail         |     7 |    79 |     7 ||    93
Dodge: Dodged            |   105 |   179 |    25 ||   309
